Map: Lockdown LE

Players

FireKlaw - Winner!

  • Race: Protoss Protoss
  • League: Master

GranZ

  • Race: Zerg Zerg
  • League: Master

VOD

Have the link to the VOD?

Description

Time

  • Played on: July 28, 2026, 7 p.m.
  • Length: 14:24
Show
View Real Time Build Order
Export as new Build Order

FireKlaw Protoss - Winner!

Build Orders: Oracle Opening 

Get SALT Encoding   

  8  0:00  Probe (Chrono Boost)  
  9  0:12  Probe (Chrono Boost)  
  10  0:18  Probe (Chrono Boost)  
  11  0:27  Probe  
  12  0:37  Pylon  
  12  0:40  Probe  
  13  0:55  Probe  
  14  1:01  Gateway  
  14  1:07  Probe  
  15  1:11  Assimilator  
  15  1:19  Probe  
  16  1:31  Probe  
  17  1:44  Probe  
  18  1:56  Probe (Chrono Boost)  
  19  2:01  Nexus  
  19  2:10  Cybernetics Core  
  19  2:13  Probe (Chrono Boost)  
  20  2:19  Pylon  
  20  2:22  Probe  
  21  2:29  Assimilator  
  21  2:37  Probe  
  21  2:44  Adept (Chrono Boost)  
  22  2:49  Probe  
  25  2:58  Stargate  
  25  3:02  Probe (Chrono Boost)  
  26  3:06  Adept (Chrono Boost)  
  28  3:13  Probe (Chrono Boost)  
  28  3:15  Warp Gate  
  30  3:22  Probe (Chrono Boost)  
  30  3:23  Probe (Chrono Boost)  
  31  3:28  Probe x2 (Chrono Boost)  
  33  3:40  Probe x2  
  35  3:45  Oracle  
  35  3:48  Pylon  
  38  3:52  Probe x2  
  38  3:53  Adept  
  42  4:20  Probe x2  
  42  4:33  Nexus  
  42  4:35  Pylon, Adept  
  42  4:38  Probe x2, Assimilator  
  44  4:41  Forge  
  44  4:43  Twilight Council  
  44  4:50  Probe x2  
  46  4:58  Gateway  
  46  5:02  Probe x2  
  48  5:08  Adept  
  50  5:14  Probe x2  
  52  5:26  Probe  
  52  5:27  Probe  
  52  5:28  Stalker  
  56  5:29  Protoss Ground Weapons Level 1  
  56  5:30  Blink  
  56  5:34  Gateway  
  56  5:36  Gateway  
  56  5:37  Pylon  
  56  5:39  Probe x2  
  56  5:41  Shield Battery  
  58  5:43  Pylon  
  58  5:46  Probe  
  58  5:49  Adept  
  61  5:51  Probe (Chrono Boost)  
  61  5:52  Probe (Chrono Boost)  
  63  5:57  Pylon  
  63  5:58  Probe (Chrono Boost)  
  63  6:03  Probe (Chrono Boost)  
  66  6:04  Probe (Chrono Boost)  
  66  6:08  Probe (Chrono Boost)  
  66  6:09  Probe x2 (Chrono Boost)  
  69  6:15  Probe, Photon Cannon  
  69  6:17  Gateway  
  70  6:19  Gateway  
  70  6:21  Probe x2  
  70  6:23  Assimilator  
  72  6:26  Gateway  
  72  6:30  Gateway  
  72  6:37  Probe x2  
  72  6:38  Probe  
  75  6:46  Stalker  
  77  6:47  Stalker x3  
  77  6:49  Probe x2  
  77  6:50  Probe  
  86  7:06  Pylon x2  
  86  7:09  Pylon  
  86  7:11  Assimilator  
  86  7:13  Stalker x4  
  86  7:14  Pylon  
  94  7:33  Stalker x2  
  98  7:43  Stalker x2  
  98  7:44  Stalker x2  
  100  7:58  Pylon  
  100  7:59  Probe x3  
  100  8:01  Protoss Ground Weapons Level 2 (Chrono Boost)  
  100  8:02  Stalker x2  
  100  8:05  Charge  
  107  8:08  Templar Archives  
  107  8:10  Assimilator  
  107  8:14  Robotics Facility  
  105  8:23  Adept  
  105  8:24  Adept  
  109  8:30  Probe x3  
  110  8:37  Zealot  
  112  8:46  Stalker  
  112  8:47  High Templar x2, Zealot  
  112  8:48  Zealot x3  
  126  9:00  Immortal (Chrono Boost)  
  124  9:04  High Templar  
  124  9:09  Gateway  
  130  9:11  Gateway  
  130  9:13  Gateway  
  130  9:15  Gateway  
  130  9:16  High Templar x2  
  134  9:17  Gateway  
  134  9:19  Gateway  
  134  9:23  Pylon  
  128  9:25  Pylon  
  128  9:27  High Templar  
  124  9:36  Immortal (Chrono Boost)  
  122  9:54  Robotics Facility  
  122  9:55  Zealot  
  122  9:56  Zealot x6  
  134  10:17  Nexus  
  134  10:20  Archon, Pylon  
  126  10:23  Immortal (Chrono Boost), Pylon  
  126  10:27  Archon  
  130  10:30  Zealot x9  
  130  10:35  Zealot x2  
  142  10:38  Psionic Storm  
  142  10:39  Protoss Ground Weapons Level 3 (Chrono Boost), Zealot x3  
  132  10:50  Robotics Facility  
  132  10:59  Pylon  
  132  11:03  Photon Cannon  
  132  11:04  Photon Cannon  
  132  11:05  Photon Cannon  
  132  11:07  Photon Cannon  
  132  11:08  Photon Cannon  
  132  11:09  Photon Cannon  
  132  11:10  Probe x3  
  132  11:11  Shield Battery x2, Zealot x2  
  135  11:13  Shield Battery  
  135  11:14  High Templar  
  135  11:15  High Templar x2, Shield Battery, Observer  
  135  11:17  High Templar x3  
  152  11:28  Pylon  
  152  11:34  Immortal (Chrono Boost)  
  152  11:36  Immortal (Chrono Boost)  
  156  11:49  Zealot  
  156  11:50  Zealot x10  
  168  12:10  Immortal x2  
  168  12:13  Zealot  
  168  12:14  Zealot x6  
  168  12:15  Zealot x3  
  178  12:28  Zealot x4  
  173  12:41  Zealot  
  173  12:42  Zealot x4  
  141  12:59  Zealot x2  
  141  13:00  Zealot x7  
  141  13:02  Immortal x2 (Chrono Boost)  
  153  13:15  Assimilator  
  153  13:17  Assimilator, Zealot  
  153  13:18  Zealot x4  
  139  13:34  Zealot x3  
  139  13:35  Zealot x6  
  137  13:50  Observer x2  
  137  13:57  High Templar x4  
  137  13:58  High Templar x2  
  137  13:59  High Templar  
  137  14:00  High Templar x3  
  137  14:01  High Templar x2  
  161  14:06  Archon x3  
Show
View Real Time Build Order
Export as new Build Order

GranZ Zerg 

Build Orders: Hatch First 

Get SALT Encoding   

  8  0:00  Drone  
  9  0:11  Drone  
  10  0:17  Drone  
  11  0:27  Overlord  
  11  0:33  Drone  
  12  0:47  Drone  
  13  1:11  Drone  
  14  1:16  Hatchery  
  13  1:18  Drone  
  15  1:25  Drone  
  15  1:35  Spawning Pool  
  15  1:39  Drone  
  15  1:44  Drone  
  16  1:51  Drone  
  18  2:01  Drone  
  18  2:02  Extractor  
  17  2:12  Drone  
  18  2:23  Overlord  
  18  2:24  Queen  
  18  2:28  Queen  
  18  2:29  Drone  
  23  2:33  Drone  
  24  2:44  Drone  
  24  2:45  Drone  
  24  2:50  Zergling x2  
  27  2:51  Zergling x2  
  28  3:03  Drone  
  28  3:04  Zergling x2  
  30  3:10  Drone  
  30  3:12  Metabolic Boost  
  31  3:21  Hatchery  
  31  3:24  Drone  
  31  3:27  Zergling x2  
  31  3:30  Overlord  
  31  3:46  Drone  
  31  3:47  Overlord  
  31  3:48  Queen  
  32  3:51  Drone x3  
  35  4:10  Zergling x4  
  35  4:13  Spine Crawler  
  35  4:28  Drone x3  
  36  4:34  Drone x3  
  36  4:38  Spore Crawler, Drone x2  
  41  4:39  Overlord  
  41  4:42  Drone  
  42  4:48  Drone  
  42  4:50  Drone  
  44  4:52  Spore Crawler  
  44  4:55  Drone  
  44  4:57  Spore Crawler  
  43  5:05  Drone x5  
  48  5:11  Drone x3  
  50  5:18  Drone x5  
  55  5:25  Queen  
  55  5:27  Overlord x2  
  56  5:30  Drone  
  57  5:35  Queen  
  57  5:37  Overlord  
  57  5:41  Drone  
  60  5:43  Roach Warren  
  60  5:47  Drone x3  
  60  5:49  Drone x4  
  68  5:50  Drone x2  
  68  6:00  Drone  
  69  6:06  Drone  
  70  6:12  Extractor  
  70  6:13  Hatchery  
  70  6:14  Lair  
  68  6:18  Drone  
  68  6:19  Overlord x2  
  68  6:21  Drone x2  
  68  6:22  Drone x2  
  68  6:24  Queen  
  75  6:30  Overlord x2  
  75  6:32  Extractor  
  75  6:35  Roach  
  75  6:38  Roach x5  
  86  6:47  Roach  
  86  6:48  Roach  
  86  6:53  Drone, Overlord  
  86  6:54  Overlord x3  
  89  7:08  Drone x2  
  89  7:09  Drone  
  89  7:10  Evolution Chamber, Overlord x3, Extractor  
  89  7:11  Evolution Chamber  
  89  7:13  Drone x4  
  89  7:15  Extractor, Roach  
  92  7:16  Extractor  
  91  7:24  Roach  
  91  7:25  Roach x6  
  91  7:29  Glial Reconstitution  
  105  7:33  Ravager  
  105  7:41  Roach x5  
  109  7:50  Zergling x6  
  109  7:51  Zergling x6  
  109  8:02  Roach  
  109  8:03  Roach x3  
  115  8:06  Queen x2  
  115  8:09  Zergling x12  
  115  8:10  Zergling x2  
  115  8:11  Zerg Missile Weapons Level 1  
  115  8:12  Zerg Ground Armor Level 1  
  124  8:18  Overseer  
  124  8:25  Zergling x2  
  124  8:26  Zergling x10  
  128  8:31  Hatchery  
  127  8:41  Queen  
  127  8:43  Roach x7  
  127  8:44  Roach  
  145  8:48  Overlord  
  145  8:49  Overlord x2  
  145  8:56  Ravager x3  
  147  9:09  Ravager x2  
  149  9:12  Overseer  
  149  9:13  Pneumatized Carapace  
  148  9:18  Roach  
  148  9:19  Roach x4  
  145  9:32  Roach  
  145  9:33  Roach x7  
  145  9:35  Drone  
  154  9:50  Roach  
  154  9:51  Roach x7  
  166  9:55  Drone x2, Overlord  
  166  9:56  Overlord x2  
  160  10:01  Drone x2  
  160  10:05  Roach x3  
  159  10:23  Roach  
  159  10:24  Roach x7  
  169  10:30  Hatchery  
  169  10:32  Hatchery  
  169  10:35  Roach  
  163  10:36  Roach x4  
  155  10:49  Roach  
  143  10:50  Roach x4  
  143  10:54  Ravager x4  
  152  10:57  Roach  
  152  10:58  Zergling x2  
  152  10:59  Zergling x18  
  164  11:13  Drone  
  164  11:14  Overlord x2  
  164  11:15  Overlord  
  165  11:23  Zerg Missile Weapons Level 2  
  165  11:24  Zerg Ground Armor Level 2  
  165  11:30  Drone x3  
  165  11:32  Drone  
  167  11:33  Drone x11  
  177  11:46  Infestation Pit  
  172  11:48  Hydralisk Den  
  168  11:54  Extractor  
  168  11:56  Extractor  
  162  12:05  Roach x12  
  162  12:06  Roach x8  
  183  12:17  Roach  
  183  12:18  Roach x6  
  182  12:25  Zergling x16  
  146  12:54  Roach  
  146  12:55  Roach x12  
  138  13:01  Roach x6  
  127  13:08  Zergling x8  
  127  13:09  Zergling x28  
  129  13:17  Ravager  
  124  13:22  Lurker Den  
  123  13:32  Roach x10  
  123  13:33  Roach x2  
  118  13:39  Roach x3  
  96  14:15  Hatchery  
Tags
 
Add a new tag
Caveats
  • Supply blocks, unpowered buildings, or Contaminate may cause inaccurate times.
  • Supply counts are checked every 10 seconds.